 Dungeon Crawl Stone Soup version 0.20.1-1-g8b1a95d (webtiles) character file.

17662 letownia2 the Reanimator (level 12, -5/103 HPs)
             Began as a Deep Dwarf Necromancer on Dec 27, 2017.
             Was an Initiate of Gozag.
             Slain by a komodo dragon (25 damage)
             ... on level 3 of the Lair of Beasts.
             The game lasted 00:48:43 (13913 turns).

letownia2 the Reanimator (Deep Dwarf Necromancer)  Turns: 13913, Time: 00:48:44

Health: -5/103     AC: 13    Str: 16    XL:     12   Next: 20%
Magic:  1/24       EV: 11    Int: 21    God:    Gozag
Gold:   1072       SH:  0    Dex: 13    Spells: 16/28 levels left

rFire    . . .     SeeInvis +   a - +2 hand axe of Megalomania {elec, Stlth+}
rCold    . . .     Gourm    .   (no shield)
rNeg     . . .     Faith    .   t - +0 ring mail
rPois    +         Spirit   .   w - +2 helmet of Tunu {Int+4 SInv}
rElec    .         Reflect  .   F - +1 cloak
rCorr    .         Harm     .   (no gloves)
MR       ++...                  x - +1 pair of boots
Stlth    ++........             (no amulet)
Regen    0.0/turn               k - ring of protection from magic
MPRegen  0.2/turn               L - ring of poison resistance

@: non-regenerating
A: damage resistance, heal wounds, sense surroundings 2, no regeneration
a: Heal Wounds, Potion Petition, Call Merchant, Bribe Branch, Renounce Religion


You were on level 3 of the Lair of Beasts.
You worshipped Gozag.
Gozag was most pleased with you.
You were hungry.

You visited 4 branches of the dungeon, and saw 17 of its levels.

You collected 2496 gold pieces.
You spent 32 gold pieces at shops.
You paid 1392 gold pieces to Gozag.

Inventory:

Hand Weapons
 a - the +2 hand axe of Megalomania (weapon) {elec, Stlth+}
   (You found it on level 6 of the Dungeon)

   Occasionally, upon striking a foe, it will discharge some electrical energy
   and cause terrible harm.
   It makes you more stealthy.
 b - a +1 spear of flaming
 c - a +0 blowgun
 e - the +4 mace "Unarag" {flame, +Blink rC- Int+3}
   (You found it on level 9 of the Dungeon)

   It has been specially enchanted to burn those struck by it, causing extra
   injury to most foes and up to half again as much damage against particularly
   susceptible opponents.
   It affects your intelligence (+3).
   It makes you vulnerable to cold.
   It lets you blink.
 g - a +1 war axe
 i - a +2 hand axe of draining
 I - a +2 trident of freezing
Missiles
 y - 52 bolts
 D - a throwing net (quivered)
Armour
 t - a +0 ring mail (worn)
 w - the +2 helmet of Tunu (worn) {Int+4 SInv}
   (You found it on level 1 of the Lair of Beasts)

   It affects your intelligence (+4).
   It lets you see invisible.
 x - a +1 pair of boots (worn)
 F - a +1 cloak (worn)
 S - a +2 leather armour of cold resistance
Magical Staves
 d - an uncursed staff of power
Jewellery
 k - a ring of protection from magic (left hand)
 C - an uncursed ring of ice
 L - a ring of poison resistance (right hand)
Wands
 f - a wand of iceblast (1/15)
 E - a wand of iceblast (7/15)
 Q - a wand of polymorph (14/24)
 R - a wand of iceblast (10/15)
 V - a wand of clouds (6/9)
 W - a wand of iceblast (4/15)
 Z - a wand of digging (14/24)
Scrolls
 h - a scroll of identify
 l - 2 scrolls of fog
 p - a scroll of brand weapon {unknown}
 s - 8 scrolls of remove curse
 u - 4 scrolls of teleportation
 z - a scroll of immolation
 G - a scroll of blinking
 K - a scroll of vulnerability {unknown}
 M - a scroll of magic mapping
 O - a scroll of fear {unknown}
 T - 2 scrolls of recharging
Potions
 j - 3 potions of lignification {unknown}
 q - 5 potions of curing {unknown}
 r - a potion of brilliance
 A - a potion of cancellation {unknown}
 B - 3 potions of heal wounds {unknown}
 H - a potion of magic
 J - 2 potions of flight {unknown}
 N - 2 potions of haste {unknown}
 P - a potion of ambrosia
 U - 2 potions of mutation {unknown}
 X - 2 potions of agility {unknown}
 Y - a potion of invisibility
Comestibles
 m - 6 royal jellies
 n - 7 bread rations
 o - 4 meat rations
 v - 15 fruits


   Skills:
 - Level 5.1 Fighting
 + Level 9.2 Axes
 - Level 4.0 Armour
 - Level 2.1 Dodging
 - Level 2.4 Stealth
 - Level 8.8 Spellcasting
 - Level 3.1 Conjurations
 + Level 11.4 Necromancy
 - Level 2.3 Translocations
 - Level 2.1 Fire Magic
 - Level 4.1 Air Magic
 - Level 2.0 Poison Magic
 - Level 6.7 Evocations


You had 16 spell levels left.
You knew the following spells:

 Your Spells              Type           Power        Failure   Level  Hunger
a - Pain                  Necr           ####         1%          1    None
b - Blink                 Tloc           N/A          8%          2    None
c - Conjure Flame         Conj/Fire      ###.....     13%         3    None
e - Mephitic Cloud        Conj/Pois/Air  ###.....     11%         3    None
v - Vampiric Draining     Necr           ######....   1%          3    None


Dungeon Overview and Level Annotations

Branches:
Dungeon (12/15)            Temple (1/1) D:4            Lair (3/6) D:11
  Swamp (0/4) Lair:2          Orc (1/2) D:12
  Snake: Lair:2-4    Spider: Lair:2-4

Altars:
Ashenzari
Cheibriados
Dithmenos
Elyvilon
Fedhas
Gozag
Hepliaklqana
Kikubaaqudgha
Makhleb
Nemelex Xobeh
Okawaru
Qazlal
Ru
Sif Muna
Trog
Uskayaw
Vehumet
Xom
Yredelemnul
Zin
The Shining One

Shops:
D:5 (   D:9 %   D:10 [*   Lair:2 [

Annotations:
D:9 4 runed doors, Agrougrou's ghost, novice DsFi
D:12 exclusion: slime creature


Innate Abilities, Weirdness & Mutations

You are resistant to damage.
You can heal yourself by infusing magical energy.
You passively map the area around you.
You do not regenerate.


Message History

The komodo dragon bites you!
Unknown command.
Unknown command.
You closely miss the komodo dragon.
The komodo dragon is lightly wounded.
The komodo dragon is engulfed in noxious fumes.
The komodo dragon bites you!!
You hit the komodo dragon but do no damage.
Lightning courses through the komodo dragon!
The komodo dragon is heavily wounded.
The komodo dragon is engulfed in noxious fumes.
The komodo dragon bites you!
* * * LOW HITPOINT WARNING * * *
Unknown command.
You barely miss the komodo dragon.
The komodo dragon is heavily wounded.
The komodo dragon is engulfed in noxious fumes.
The komodo dragon bites you!!
You die...
Your body crumbles into a pile of gold.

................., ,.......#* ,
..........###....# .......## *
....##....# #....####......P# ,
....##....# #...............P,,
....##....###............... ,
....#.....##................
....##.........[.......## * ,
....##...........###....## *
....$...........@# ##....# *
...............§l####...## ***
...%...........§.#.##..#.##.P ,
*
.............................,,,
............................. *
...P##..........>............,
...# #...........$..........# ,
... ,............#...#.##..## *,
, ,........P...##..###*..# *


You could see a komodo dragon.

Vanquished Creatures
  Fannar (Lair:1)
  2 hydras
  2 two-headed ogres
  2 ugly things
  3 cyclopes
  3 centaur zombies (D:10)
  2 black mambas
  3 spiny frogs
  A kobold demonologist (D:12)
  4 trolls
  A hornet (D:12)
  2 slime creatures (D:12)
  A shadow (D:10)
  8 yaks
  2 hungry ghosts
  Menkaure (D:7)
  A soldier ant (D:11)
  An acid dragon (D:12)
  2 water moccasins
  3 orc warriors
  A hornet zombie (D:7)
  2 porcupines (Lair:1)
  A swamp drake (D:10)
  A phantom (D:12)
  5 ice beasts
  An eye of draining (D:12)
  A black bear (D:8)
  5 ogres
  A centaur (D:7)
  4 big kobolds (D:12)
  6 crocodiles
  6 bullfrogs
  A gnoll sergeant (D:7)
  3 scorpions (D:9)
  A water moccasin skeleton (D:8)
  2 troll zombies (D:12)
  10 wights
  4 killer bees (D:12)
  2 howler monkeys
  An electric eel (D:10)
  2 crimson imps
  6 hounds
  8 orc priests
  3 jellies
  11 orc wizards
  3 centaur skeletons
  3 iguanas
  9 worker ants
  A killer bee zombie (D:7)
  6 ogre zombies (D:12)
  A worker ant zombie (D:5)
  9 gnolls
  12 adders
  A shadow imp (D:6)
  2 oozes
  2 worms
  2 dart slugs
  6 leopard geckos
  45 orcs
  6 giant cockroaches
  15 goblins
  5 hobgoblins
  10 jackals
  8 kobolds
  4 quokkas
  A ball python (D:4)
  6 bats
  5 frilled lizards
  3 goblin skeletons (D:12)
  2 goblin zombies (D:12)
  2 hobgoblin skeletons (D:12)
  A hobgoblin zombie (D:12)
  An orc skeleton (D:12)
  14 orc zombies (D:12)
  5 rats
  A plant (Lair:1)
324 creatures vanquished.

Vanquished Creatures (others)
  2 hungry ghosts (D:12)
  2 orc zombies (D:12)
4 creatures vanquished.

Grand Total: 328 creatures vanquished

Notes
Turn   | Place    | Note
-------+----------+-------------------------------------------
     0 | D:1      | letownia2 the Deep Dwarf Necromancer began the quest for the Orb.
     0 | D:1      | Reached XP level 1. HP: 15/15 MP: 3/3
   332 | D:3      | Reached XP level 2. HP: 22/22 MP: 1/5
   610 | D:3      | Reached skill level 5 in Necromancy
   647 | D:3      | Found a shimmering altar of Xom.
   953 | D:4      | Noticed an ogre
   991 | D:4      | Reached XP level 3. HP: 17/28 MP: 0/6
   996 | D:4      | Learned a level 3 spell: Vampiric Draining
   999 | D:4      | Learned a level 2 spell: Blink
  1215 | D:4      | Found a staircase to the Ecumenical Temple.
  1221 | Temple   | Entered the Ecumenical Temple
  1518 | D:3      | Reached XP level 4. HP: 30/36 MP: 2/7
  1757 | D:2      | Found a faded altar of an unknown god.
  2302 | D:2      | Reached skill level 6 in Necromancy
  2426 | D:2      | Reached XP level 5. HP: 31/42 MP: 5/9
  2434 | D:2      | Learned a level 3 spell: Mephitic Cloud
  2911 | D:3      | Found a sparkling altar of Nemelex Xobeh.
  3006 | D:3      | Reached XP level 6. HP: 36/49 MP: 8/11
  3045 | D:3      | Found a shadowy altar of Dithmenos.
  3171 | D:3      | Reached skill level 1 in Conjurations
  3249 | D:3      | Learned a level 3 spell: Conjure Flame
  3262 | D:5      | Entered Level 5 of the Dungeon
  3400 | D:5      | Reached skill level 1 in Translocations
  3646 | D:5      | Reached skill level 1 in Poison Magic
  3671 | D:5      | Found Weit Fio's Antique Weapon Shoppe.
  4193 | D:6      | Reached skill level 1 in Fire Magic
  4193 | D:6      | Reached skill level 1 in Air Magic
  4193 | D:6      | Reached XP level 7. HP: 28/55 MP: 4/12
  4204 | D:6      | Reached skill level 7 in Necromancy
  4641 | D:6      | Found an opulent altar of Gozag.
  4649 | D:6      | Became a worshipper of Gozag Ym Sagoz the Greedy
  4874 | D:6      | Got a scorched hand axe
  5164 | D:1      | Identified the cursed +2 hand axe of Megalomania {elec, Stlth+} (You found it on level 6 of the Dungeon)
  5648 | D:7      | Reached XP level 8. HP: 48/63 MP: 13/13
  5653 | D:7      | Noticed Menkaure
  5707 | D:7      | Killed Menkaure
  5707 | D:7      | Reached skill level 1 in Fighting
  5707 | D:7      | Reached skill level 1 in Axes
  6265 | D:7      | Reached skill level 8 in Necromancy
  6656 | D:7      | You fall through a shaft!
  6666 | D:8      | Gained mutation: You passively map the area around you. [Deep Dwarf growth]
  6666 | D:8      | Reached XP level 9. HP: 44/74 MP: 5/16
  6758 | D:8      | Found a white marble altar of Elyvilon.
  6759 | D:8      | Found a hazy altar of Hepliaklqana.
  6828 | D:8      | Reached skill level 5 in Spellcasting
  7200 | D:8      | Noticed a two-headed ogre
  7357 | D:8      | Found a stormy altar of Qazlal.
  7413 | D:8      | Killed a two-headed ogre
  7701 | D:9      | Noticed Agrougrou's ghost (novice DsFi)
  7770 | D:9      | Found Gox Teewk's Food Shop.
  8168 | D:9      | Got a translucent mace
  8229 | D:8      | Identified the +4 mace "Unarag" {flame, +Blink rC- Int+3} (You found it on level 9 of the Dungeon)
  8237 | D:9      | Noticed a troll
  8271 | D:9      | Killed a troll
  8651 | D:9      | Reached skill level 1 in Evocations
  8819 | D:10     | Entered Level 10 of the Dungeon
  8825 | D:10     | Reached XP level 10. HP: 60/81 MP: 19/22
  9287 | D:9      | Reached skill level 5 in Evocations
  9356 | D:9      | Found a huge runed gate.
  9357 | D:9      | Found a huge runed gate.
  9357 | D:9      | Found a huge runed gate.
  9357 | D:9      | Found a huge runed gate.
  9358 | D:9      | Noticed a death yak
  9678 | D:10     | Reached skill level 1 in Armour
  9720 | D:10     | Found Heireqot's Assorted Antiques.
  9770 | D:10     | Bought a scroll labeled QASTEMUAMI for 32 gold pieces
 10048 | D:11     | Noticed a cyan ugly thing
 10065 | D:11     | Killed a cyan ugly thing
 10157 | D:11     | Noticed a cyclops
 10180 | D:11     | Killed a cyclops
 10366 | D:11     | Reached skill level 5 in Axes
 10655 | D:11     | Found a staircase to the Lair.
 10922 | Lair:1   | Entered Level 1 of the Lair of Beasts
 10922 | Lair:1   | Noticed a spiny frog
 10929 | Lair:1   | Killed a spiny frog
 10929 | Lair:1   | Reached XP level 11. HP: 86/91 MP: 14/23
 11031 | Lair:1   | Noticed Fannar
 11047 | Lair:1   | Killed Fannar
 11047 | Lair:1   | Reached skill level 9 in Necromancy
 11124 | Lair:1   | Got a faintly humming helmet
 11130 | Lair:1   | Identified the +2 helmet of Tunu {Int+4 SInv} (You found it on level 1 of the Lair of Beasts)
 11476 | D:12     | Noticed a two-headed ogre
 11503 | D:12     | Killed a two-headed ogre
 11639 | D:12     | Noticed a sun demon
 11742 | D:12     | Reached skill level 5 in Fighting
 12079 | D:12     | Found a staircase to the Orcish Mines.
 12126 | D:12     | Reached skill level 10 in Necromancy
 12737 | D:12     | Noticed a five-headed hydra
 12758 | D:12     | Killed a five-headed hydra
 13093 | D:12     | Noticed a purple ugly thing
 13105 | D:12     | Killed a purple ugly thing
 13166 | Orc:1    | Entered Level 1 of the Orcish Mines
 13166 | Orc:1    | Noticed an orc high priest
 13178 | D:12     | Reached XP level 12. HP: 84/103 MP: 9/24
 13389 | Orc:1    | Reached skill level 11 in Necromancy
 13614 | Lair:2   | Noticed a seven-headed hydra
 13626 | Lair:2   | Killed a seven-headed hydra
 13670 | Lair:2   | Found a staircase to the Swamp.
 13913 | Lair:3   | Slain by a komodo dragon

Skill      XL: |  1  2  3  4  5  6  7  8  9 10 11 12 |
---------------+-------------------------------------+-----
Spellcasting   | 2 3 4 8 |  8.8
Necromancy     | 5 6 7 8 10 11 | 11.4
Conjurations   | 1 2 3 |  3.1
Translocations | 1 2 |  2.3
Poison Magic   | 1 2 |  2.0
Fire Magic     | 1 2 |  2.1
Air Magic      | 1 3 4 |  4.1
Fighting       | 2 3 5 |  5.1
Axes           | 3 5 8 9 |  9.2
Evocations     | 2 6 |  6.7
Armour         | 3 4 |  4.0
Dodging        | |  2.1
Stealth        | |  2.4

Action                   |  1- 3 |  4- 6 |  7- 9 | 10-12 || total
-------------------------+-------+-------+-------+-------++-------
Melee: Short sword       |     4 |    32 |       |       ||    36
       Unarmed           |     3 |       |       |       ||     3
       Trident           |       |    13 |    21 |       ||    34
       Hand axe          |       |       |   171 |   273 ||   444
       Spear             |       |       |    24 |       ||    24
 Cast: Pain              |    41 |   102 |    69 |    33 ||   245
       Vampiric Draining |     2 |    27 |    75 |   146 ||   250
       Conjure Flame     |       |     1 |    11 |    50 ||    62
       Mephitic Cloud    |       |       |     4 |    12 ||    16
       Blink             |       |       |     3 |       ||     3
Invok: Call Merchant     |       |       |       |     2 ||     2
Evoke: Wand              |       |       |       |     7 ||     7
  Use: Scroll            |       |       |     4 |    14 ||    18
 Stab: Sleeping          |       |       |     3 |     3 ||     6
       Confused          |       |       |     1 |     6 ||     7
  Eat: Chunk             |     2 |    12 |     3 |       ||    17
       Meat ration       |       |       |     2 |     1 ||     3
       Royal jelly       |       |       |     3 |     3 ||     6
       Bread ration      |       |       |     2 |       ||     2
Armor: Ring mail         |     3 |    49 |   111 |   142 ||   305
Dodge: Dodged            |    13 |    78 |   154 |   158 ||   403
